[ AOE2 MATCH · #505926538 ]
UnrankedPoles vs Turks
Player's team · WIN
Rival team · LOSS
[ REPLAY ANALYSIS · EXTRACTED FROM THE RECORDED GAME ]
Feudal
10:30
Castle
27:51
Imperial
—
| APM avg | 49.9 |
| APM peak | 87 |
| eAPM avg | 27.4 |
| Villagers / military | 84 / 85 |
Focus
⚔️ 42.5% · 🌾 57.5%
Scout Cavalry ×37 · Spearman ×23 · Knight ×14 · Monk ×6 · Petard ×4 · Battering Ram ×1
Feudal
9:42
Castle
24:34
Imperial
—
| APM avg | 76.4 |
| APM peak | 112 |
| eAPM avg | 42.0 |
| Villagers / military | 143 / 64 |
Focus
⚔️ 36.6% · 🌾 63.4%
Camel Scout ×28 · Skirmisher ×19 · Spearman ×12 · Scout Cavalry ×4 · Scorpion ×1
Match map
Initial resources + every placement click. Lines = walls · curves = elevation contours. ◆ gold · ⬟ stone · ● berries · ✦ relic · ◌ wall gap
Your base· Open — opponent sealed themselves in
Šteuko's base· ✓ Closed at 24:34 · 23t walls · 1 gate(s)
Smoothed initial terrain · ◌ = detected wall gap · hover for details
Inputs per minute
— Poxo - - Šteuko
Build order — Poxo
First 150 of 287 actions detected
| 0:00 | Queue | Villager (Male) |
| 0:00 | Queue | Villager (Male) |
| 0:01 | Build | House |
| 0:04 | Build | House |
| 0:04 | Queue | Villager (Male) |
| 0:06 | Queue | Villager (Male) |
| 1:28 | Queue | Villager (Male) |
| 2:03 | Queue | Villager (Male) |
| 2:20 | Build | Lumber Camp |
| 2:22 | Queue | Villager (Male) |
| 2:24 | Queue | Villager (Male) |
| 3:20 | Queue | Villager (Male) |
| 3:21 | Queue | Villager (Male) |
| 3:47 | Queue | Villager (Male) |
| 3:49 | Build | House |
| 4:02 | Queue | Villager (Male) |
| 4:22 | Build | Mill |
| 4:29 | Queue | Villager (Male) |
| 4:35 | Queue | Villager (Male) |
| 4:58 | Research | Loom |
| 4:58 | Queue | Villager (Male) |
| 5:00 | Research | Loom |
| 5:00 | Queue | Villager (Male) |
| 5:02 | Queue | Villager (Male) |
| 5:14 | Build | Farm |
| 5:38 | Build | Farm |
| 6:10 | Queue | Villager (Male) |
| 6:12 | Build | Palisade Wall |
| 6:13 | Build | Palisade Wall |
| 6:28 | Queue | Villager (Male) |
| 6:32 | Build | Farm |
| 6:38 | Build | Palisade Wall |
| 6:39 | Build | Palisade Wall |
| 6:58 | Queue | Villager (Male) |
| 7:10 | Queue | Villager (Male) |
| 7:26 | Queue | Villager (Male) |
| 7:27 | Build | Farm |
| 8:16 | Research | Feudal Age |
| 9:10 | Build | House |
| 9:39 | Build | Barracks |
| 10:09 | Queue | Villager (Male) |
| 10:24 | Build | House |
| 10:26 | Build | Palisade Wall |
| 10:28 | Build | Palisade Wall |
| 10:29 | Build | Palisade Wall |
| 10:30 | Age | Feudal Age |
| 10:34 | Research | Double-Bit Axe |
| 10:35 | Queue | Villager (Male) |
| 10:38 | Queue | Spearman |
| 10:52 | Queue | Villager (Male) |
| 11:01 | Queue | Spearman |
| 11:09 | Queue | Spearman |
| 11:13 | Build | Farm |
| 11:27 | Queue | Villager (Male) |
| 11:27 | Queue | Spearman |
| 11:42 | Queue | Spearman |
| 11:45 | Build | Farm |
| 11:53 | Queue | Villager (Male) |
| 12:09 | Queue | Spearman |
| 12:20 | Queue | Spearman |
| 12:29 | Build | House |
| 12:35 | Queue | Villager (Male) |
| 12:50 | Queue | Villager (Male) |
| 12:58 | Build | Farm |
| 12:59 | Build | Mill |
| 12:59 | Build | Farm |
| 13:04 | Queue | Villager (Male) |
| 13:09 | Build | Farm |
| 13:10 | Queue | Villager (Male) |
| 13:16 | Queue | Spearman |
| 13:37 | Queue | Villager (Male) |
| 13:38 | Build | Farm |
| 13:40 | Queue | Villager (Male) |
| 13:53 | Queue | Villager (Male) |
| 13:54 | Build | Farm |
| 14:06 | Queue | Villager (Male) |
| 14:09 | Build | Farm |
| 14:24 | Build | Farm |
| 14:32 | Queue | Villager (Male) |
| 14:42 | Build | Lumber Camp |
| 14:49 | Queue | Villager (Male) |
| 15:15 | Build | Stable |
| 15:25 | Queue | Villager (Male) |
| 15:27 | Build | Farm |
| 15:34 | Build | House |
| 15:43 | Build | House |
| 15:45 | Build | House |
| 15:55 | Build | Farm |
| 15:58 | Queue | Scout Cavalry |
| 15:58 | Queue | Scout Cavalry |
| 16:02 | Queue | Villager (Male) |
| 16:10 | Queue | Villager (Male) |
| 16:12 | Queue | Villager (Male) |
| 16:16 | Build | Farm |
| 16:20 | Queue | Scout Cavalry |
| 16:32 | Build | Farm |
| 16:40 | Queue | Scout Cavalry |
| 16:40 | Queue | Scout Cavalry |
| 16:49 | Queue | Villager (Male) |
| 16:51 | Build | Mill |
| 16:58 | Build | Blacksmith |
| 17:06 | Queue | Villager (Male) |
| 17:17 | Build | Stable |
| 17:23 | Queue | Villager (Male) |
| 17:44 | Research | Forging |
| 17:44 | Queue | Scout Cavalry |
| 17:45 | Queue | Scout Cavalry |
| 17:46 | Build | House |
| 18:02 | Build | Farm |
| 18:02 | Build | Farm |
| 18:02 | Build | Farm |
| 18:03 | Build | Farm |
| 18:13 | Queue | Scout Cavalry |
| 18:13 | Queue | Scout Cavalry |
| 18:17 | Build | House |
| 18:24 | Queue | Villager (Male) |
| 18:36 | Research | Scale Barding Armor |
| 18:38 | Queue | Scout Cavalry |
| 18:38 | Queue | Scout Cavalry |
| 18:39 | Queue | Villager (Male) |
| 18:39 | Queue | Villager (Male) |
| 18:42 | Build | Mining Camp |
| 18:50 | Build | Farm |
| 19:08 | Queue | Scout Cavalry |
| 19:08 | Queue | Villager (Male) |
| 19:10 | Queue | Villager (Male) |
| 19:13 | Build | Stable |
| 19:37 | Queue | Villager (Male) |
| 19:37 | Queue | Scout Cavalry |
| 19:37 | Queue | Scout Cavalry |
| 19:43 | Queue | Scout Cavalry |
| 19:52 | Queue | Scout Cavalry |
| 19:53 | Queue | Villager (Male) |
| 20:03 | Build | Farm |
| 20:04 | Build | Farm |
| 20:04 | Build | Farm |
| 20:04 | Build | Farm |
| 20:04 | Build | Farm |
| 20:09 | Research | Horse Collar |
| 20:22 | Research | Bloodlines |
| 20:28 | Queue | Scout Cavalry |
| 20:28 | Queue | Scout Cavalry |
| 20:31 | Queue | Villager (Male) |
| 20:32 | Queue | Scout Cavalry |
| 20:34 | Build | Farm |
| 20:50 | Queue | Scout Cavalry |
| 20:55 | Build | Farm |
| 20:56 | Queue | Villager (Male) |
| 20:57 | Queue | Villager (Male) |
| 20:58 | Build | Farm |
Build order — Šteuko
First 150 of 334 actions detected
| 0:00 | Queue | Villager (Male) |
| 0:00 | Queue | Villager (Male) |
| 0:01 | Build | House |
| 0:02 | Build | House |
| 0:05 | Queue | Villager (Male) |
| 0:06 | Queue | Villager (Male) |
| 1:41 | Queue | Villager (Male) |
| 1:41 | Queue | Villager (Male) |
| 2:01 | Queue | Villager (Male) |
| 2:17 | Queue | Villager (Male) |
| 2:50 | Queue | Villager (Male) |
| 3:10 | Queue | Villager (Male) |
| 3:28 | Queue | Villager (Male) |
| 3:54 | Build | House |
| 4:03 | Queue | Villager (Male) |
| 4:17 | Queue | Villager (Male) |
| 4:50 | Build | Lumber Camp |
| 4:55 | Queue | Villager (Male) |
| 5:00 | Queue | Villager (Male) |
| 5:09 | Queue | Villager (Male) |
| 5:09 | Queue | Villager (Male) |
| 5:11 | Queue | Villager (Male) |
| 5:16 | Queue | Villager (Male) |
| 5:50 | Queue | Villager (Male) |
| 5:52 | Queue | Villager (Male) |
| 5:56 | Queue | Villager (Male) |
| 6:02 | Research | Loom |
| 6:10 | Build | Mill |
| 6:10 | Queue | Villager (Male) |
| 6:11 | Build | Palisade Wall |
| 6:12 | Queue | Villager (Male) |
| 6:16 | Queue | Villager (Male) |
| 6:16 | Queue | Villager (Male) |
| 6:18 | Queue | Villager (Male) |
| 6:22 | Queue | Villager (Male) |
| 6:30 | Queue | Villager (Male) |
| 6:35 | Queue | Villager (Male) |
| 6:37 | Build | House |
| 6:44 | Queue | Villager (Male) |
| 6:55 | Queue | Villager (Male) |
| 7:06 | Queue | Villager (Male) |
| 7:19 | Queue | Villager (Male) |
| 7:26 | Research | Feudal Age |
| 7:44 | Build | Palisade Wall |
| 7:45 | Build | Palisade Wall |
| 7:52 | Queue | Villager (Male) |
| 8:07 | Build | Lumber Camp |
| 8:24 | Queue | Villager (Male) |
| 8:32 | Queue | Villager (Male) |
| 8:55 | Build | Barracks |
| 8:55 | Queue | Villager (Male) |
| 9:29 | Queue | Villager (Male) |
| 9:37 | Queue | Villager (Male) |
| 9:42 | Age | Feudal Age |
| 9:44 | Build | Stable |
| 9:49 | Queue | Villager (Male) |
| 9:49 | Queue | Villager (Male) |
| 9:51 | Build | House |
| 10:00 | Queue | Villager (Male) |
| 10:06 | Research | Double-Bit Axe |
| 10:18 | Build | House |
| 10:18 | Build | House |
| 10:21 | Queue | Villager (Male) |
| 10:22 | Build | Palisade Wall |
| 10:27 | Queue | Scout Cavalry |
| 10:38 | Build | Farm |
| 10:39 | Queue | Villager (Male) |
| 10:40 | Queue | Villager (Male) |
| 10:54 | Queue | Scout Cavalry |
| 10:56 | Build | Farm |
| 11:11 | Build | House |
| 11:11 | Build | Palisade Wall |
| 11:15 | Queue | Villager (Male) |
| 11:21 | Build | Farm |
| 11:25 | Build | Farm |
| 11:41 | Queue | Villager (Male) |
| 11:45 | Queue | Villager (Male) |
| 11:58 | Build | Archery Range |
| 12:05 | Build | Farm |
| 12:14 | Queue | Villager (Male) |
| 12:20 | Build | Farm |
| 12:25 | Queue | Villager (Male) |
| 12:32 | Build | House |
| 12:33 | Build | Palisade Wall |
| 12:53 | Queue | Skirmisher |
| 12:56 | Queue | Spearman |
| 12:59 | Build | Farm |
| 12:59 | Queue | Villager (Male) |
| 13:04 | Build | House |
| 13:05 | Build | Palisade Wall |
| 13:08 | Build | House |
| 13:09 | Build | Palisade Wall |
| 13:14 | Queue | Skirmisher |
| 13:14 | Queue | Skirmisher |
| 13:15 | Queue | Villager (Male) |
| 13:24 | Build | House |
| 13:24 | Build | Palisade Wall |
| 13:25 | Queue | Villager (Male) |
| 13:40 | Build | Farm |
| 13:49 | Queue | Villager (Male) |
| 13:50 | Queue | Skirmisher |
| 14:04 | Build | Farm |
| 14:12 | Queue | Villager (Male) |
| 14:13 | Build | House |
| 14:15 | Build | House |
| 14:20 | Queue | Skirmisher |
| 14:20 | Queue | Skirmisher |
| 14:23 | Queue | Villager (Male) |
| 14:35 | Build | Farm |
| 14:39 | Queue | Villager (Male) |
| 14:49 | Queue | Scout Cavalry |
| 14:59 | Queue | Skirmisher |
| 15:02 | Queue | Villager (Male) |
| 15:04 | Build | Mining Camp |
| 15:21 | Build | Farm |
| 15:24 | Queue | Villager (Male) |
| 15:25 | Queue | Skirmisher |
| 15:38 | Queue | Skirmisher |
| 15:48 | Queue | Scout Cavalry |
| 15:49 | Queue | Villager (Male) |
| 16:00 | Queue | Villager (Male) |
| 16:15 | Queue | Villager (Male) |
| 16:15 | Queue | Skirmisher |
| 16:16 | Build | Blacksmith |
| 16:26 | Queue | Skirmisher |
| 16:29 | Queue | Villager (Male) |
| 16:36 | Build | Farm |
| 16:36 | Build | Farm |
| 16:46 | Queue | Villager (Male) |
| 16:56 | Queue | Skirmisher |
| 17:09 | Queue | Villager (Male) |
| 17:12 | Queue | Spearman |
| 17:18 | Queue | Skirmisher |
| 17:31 | Queue | Spearman |
| 17:34 | Queue | Villager (Male) |
| 17:49 | Queue | Skirmisher |
| 17:53 | Queue | Skirmisher |
| 18:01 | Build | Palisade Wall |
| 18:05 | Build | Farm |
| 18:07 | Build | Farm |
| 18:08 | Queue | Skirmisher |
| 18:11 | Queue | Villager (Male) |
| 18:13 | Queue | Skirmisher |
| 18:19 | Research | Fletching |
| 18:22 | Queue | Spearman |
| 18:22 | Queue | Skirmisher |
| 18:25 | Build | Farm |
| 18:26 | Queue | Villager (Male) |
| 18:42 | Build | Palisade Gate |
| 18:42 | Build | Palisade Wall |
Match timeline
| 6:11 | Šteuko · wall_segment Palisade Wall x1 |
| 6:12 | Poxo · wall_segment Palisade Wall x1 |
| 6:13 | Poxo · wall_segment Palisade Wall x1 |
| 6:38 | Poxo · wall_segment Palisade Wall x1 |
| 6:39 | Poxo · wall_segment Palisade Wall x1 |
| 7:44 | Šteuko · wall_segment Palisade Wall x1 |
| 7:45 | Šteuko · wall_segment Palisade Wall x1 |
| 8:55 | Šteuko · first_building Barracks |
| 9:39 | Poxo · first_building Barracks |
| 9:42 | Šteuko · age_up feudal |
| 9:44 | Šteuko · first_building Stable |
| 10:22 | Šteuko · wall_segment Palisade Wall x1 |
| 10:26 | Poxo · wall_segment Palisade Wall x2 |
| 10:28 | Poxo · wall_segment Palisade Wall x2 |
| 10:29 | Poxo · wall_segment Palisade Wall x2 |
| 10:30 | Poxo · age_up feudal |
| 11:11 | Šteuko · wall_segment Palisade Wall x1 |
| 11:58 | Šteuko · first_building Archery Range |
| 12:33 | Šteuko · wall_segment Palisade Wall x2 |
| 13:05 | Šteuko · wall_segment Palisade Wall x3 |
| 13:09 | Šteuko · wall_segment Palisade Wall x6 |
| 13:24 | Šteuko · wall_segment Palisade Wall x1 |
| 15:15 | Poxo · first_building Stable |
| 18:01 | Šteuko · wall_segment Palisade Wall x1 |
| 18:42 | Šteuko · wall_segment Palisade Wall x1 |
| 18:47 | Šteuko · wall_segment Palisade Wall x1 |
| 18:49 | Šteuko · wall_segment Palisade Wall x2 |
| 18:56 | Šteuko · wall_segment Palisade Wall x1 |
| 21:44 | Šteuko · wall_segment Palisade Wall x1 |
| 21:51 | Šteuko · first_market_buy 100 food |
| 22:13 | Šteuko · wall_segment Palisade Wall x2 |
| 24:34 | Šteuko · age_up castle |
| 25:12 | Šteuko · wall_segment Palisade Wall x1 |
| 26:09 | Šteuko · wall_segment Palisade Wall x1 |
| 27:40 | Šteuko · first_market_sell 100 wood |
| 27:51 | Poxo · age_up castle |
| 27:56 | Poxo · first_building Monastery |
| 31:24 | Šteuko · first_building Castle |
| 31:35 | Poxo · first_building Castle |
| 32:18 | Poxo · first_building Siege Workshop |
| 32:40 | Šteuko · first_building Siege Workshop |
| 33:04 | Šteuko · wall_segment Stone Wall x1 |
| 33:05 | Šteuko · wall_segment Stone Wall x1 |
| 33:07 | Šteuko · wall_segment Stone Wall x1 |
| 35:03 | Šteuko · resign |
[ AI ANALYSIS · 1 CREDIT ]
What really happened in this match?
Wolo.gg analyzes every decision: build order, eco, micro, common mistakes by bracket. Personalized analysis on WhatsApp or Discord in 30 seconds.
Civ guide
Poles
Perfil
Jugador #212135